 Seeded DCSS version 0.27.1-35-g4d5d836560 (webtiles) character file.

Game seed: 20211127 (custom seed)

19 zamel the Covered (level 2, -1/25 HPs)
             Began as a Barachi Fighter on Nov 27, 2021.
             Slain by an adder (2 damage)
             ... on level 2 of the Dungeon on Aug 17, 2022.
             The game lasted 00:04:49 (1244 turns).

zamel the Covered (Barachi Fighter)                 Turns: 1244, Time: 00:04:50

Health: -1/25      AC:  7    Str: 17    XL:     2   Next: 75%
Magic:  2/2        EV:  7    Int:  8    God:
Gold:   51         SH:  9    Dex: 11    Spells: 1/1 levels left

rFire    . . .     SeeInvis .   a - +0 long sword
rCold    . . .     Faith    .   c - +0 kite shield
rNeg     . . .     Spirit   .   b - +0 scale mail
rPois    .         Reflect  .   (no helmet)
rElec    .         Harm     .   (no cloak)
rCorr    .         Rampage  .   (no gloves)
Will     .....                  (no boots)
Stlth    ..........             (no amulet)
HPRegen  0.08/turn              (no ring)
MPRegen  0.08/turn              (no ring)

@: lethally poisoned (-1 -> -3), slow
A: amphibious, slowness 1, strong legs 1, +LOS
a: Hop


You were on level 2 of the Dungeon.
You visited 1 branch of the dungeon, and saw 2 of its levels.

You collected 51 gold pieces.

Inventory:

Hand Weapons
 a - a +0 long sword (weapon)
 i - a +0 club
Armour
 b - a +0 scale mail (worn)
 c - a +0 kite shield (worn)
 j - a +0 helmet
Jewellery
 h - a ring of resist corrosion
Scrolls
 e - a scroll of noise {unknown}
 f - a scroll of magic mapping {unknown}
Potions
 d - a potion of might
 g - a potion of heal wounds {unknown}


   Skills:
 + Level 3.6 Fighting
 + Level 2.8 Long Blades
 + Level 4.2 Armour
 + Level 0.3 Dodging
 + Level 3.5 Shields


You had one spell level left.
You didn't know any spells.
Your spell library contained the following spells:

 Spells                   Type           Power      Damage    Failure   Level
 Petrify                  Tmut/Erth      0%         N/A       100%        4
 Metabolic Englaciation   Hex/Ice        0%         N/A       100%        5
 Statue Form              Tmut/Erth      0%         N/A       100%        6


Dungeon Overview and Level Annotations

Branches:
Dungeon (2/15)

Altars:


Innate Abilities, Weirdness & Mutations

You are amphibious.
You cover ground slowly.
You can hop short distances.
You have an extended range of vision and can be seen from far away.


Message History

You barely miss the adder. You block the adder's attack. x4
You barely miss the adder. The adder bites you but does no damage.
You block the adder's attack. x2
You barely miss the adder.
The adder closely misses you. x2; You riposte.
You completely miss the adder.
The adder is severely wounded.
The adder bites you but does no damage.
You closely miss the adder. The adder bites you.
You are poisoned.
The adder poisons you! The adder bites you but does no damage.
A rat comes into view.
You block the adder's attack. The adder bites you but does no damage.
You block the adder's attack. The adder completely misses you.
You hit the adder but do no damage.
You feel very sick. The adder barely misses you.
You riposte.
You closely miss the adder.
The adder is severely wounded.
The adder bites you but does no damage. The adder barely misses you.
You riposte.
You barely miss the adder. The adder barely misses you.
You closely miss the adder.
You feel sick. You block the adder's attack. The adder closely misses you.
The adder bites you. The adder bites you but does no damage.
You closely miss the adder.
You feel sick. The adder bites you but does no damage.
You block the adder's attack. The adder bites you.
* * * LOW HITPOINT WARNING * * *
You barely miss the adder.
You feel sick. The adder bites you.
* * * LOW HITPOINT WARNING * * *
You are lethally poisoned!
The adder poisons you!
The adder bites you but does no damage. x2
You miss the adder.
* * * LOW HITPOINT WARNING * * *
You feel sick. You block the adder's attack.
The adder bites you but does no damage. x3
The rat twitches its whiskers.
You barely miss the adder.
* * * LOW HITPOINT WARNING * * *
You feel sick. You block the adder's attack.
The adder bites you but does no damage. The adder bites you.
You die...

...# ... . .. ..
.# S.. ####.# ....
+.<..# ..... #.
##...# ......
#....###.##.......
........@S'>......
##.#####S##.......
#r# ...... #..
..... #.. ....
.... ... #... ##
..... .....


You could see 2 adders and a rat.

Vanquished Creatures
  A worm (D:2)
  A ball python (D:1)
  2 endoplasms (D:1)
  A giant cockroach (D:2)
  3 goblins (D:1)
  2 jackals (D:1)
  A quokka (D:1)
  2 frilled lizards (D:1)
  A rat (D:1)
  2 bushes (D:1)
16 creatures vanquished.

Notes
Turn   | Place    | Note
-------+----------+-------------------------------------------
     0 | D:1      | zamel the Barachi Fighter began the quest for the Orb.
     0 | D:1      | Reached XP level 1. HP: 18/18 MP: 1/1
   770 | D:1      | Reached XP level 2. HP: 25/25 MP: 2/2
   777 | D:1      | Reached skill level 4 in Armour
  1103 | D:1      | Upgraded the game from 0.27.1-33-g824d729ab1 to
                  | 0.27.1-35-g4d5d836560
  1244 | D:2      | HP: 1/25 [poisoned by an adder]
  1244 | D:2      | Slain by an adder

Illustrated notes

Levels and vault maps discovered:
D:1:      psy_arrival_conway, layout_loops_cross, shapermc_ecumenical_altar_gd
D:2:      layout_basic, solitary_fountain, minmay_pentomino_pile

Skill      XL: |  1  2 |
---------------+-------+-----
Armour         | 4 |  4.2
Fighting       | |  3.6
Long Blades    | |  2.8
Dodging        | |  0.3
Shields        | |  3.5

Action                   || total
-------------------------++-------
Melee: Long sword        ||   280
 Abil: Hop               ||     1
Armor: Scale mail        ||    36
Dodge: Dodged            ||    18
Block: Kite shield       ||    50
       Rpst.: Long sword ||     7
